Map: Orbital Shipyard

Players

rhsJung

  • Race: Terran Terran
  • League: Platinum

A.I. 1 (Harder) - Winner!

  • Race: Protoss Protoss

VOD

https://www.youtube.com/watch?v=5N4pt_VGCiY

Description

Time

  • Played on: March 15, 2016, noon
  • Length: 10:09
Show
View Real Time Build Order
Export as new Build Order

rhsJung Terran 

Build Orders: Reaper Expand, MMM Bio 

Get SALT Encoding   

  12  0:01  SCV  
  13  0:13  SCV  
  14  0:18  Supply Depot  
  14  0:25  SCV  
  15  0:40  SCV  
  15  0:42  Barracks  
  16  0:46  Refinery  
  16  0:52  SCV  
  17  1:04  SCV  
  18  1:17  SCV  
  19  1:29  Orbital Command  
  19  1:30  Reaper  
  20  1:42  Command Center  
  20  1:55  Supply Depot  
  20  1:57  SCV  
  21  2:03  Barracks Reactor  
  21  2:09  SCV  
  21  2:11  Barracks  
  22  2:17  Barracks  
  22  2:21  SCV  
  23  2:32  Bunker  
  23  2:33  SCV  
  24  2:40  Marine x2  
  26  2:45  SCV  
  28  2:58  Orbital Command  
  28  3:00  SCV  
  28  3:01  Marine, Barracks Tech Lab  
  28  3:02  Marine  
  28  3:05  Marine  
  31  3:14  SCV  
  32  3:21  Stimpack, Marauder  
  32  3:22  Marine x2  
  32  3:26  SCV  
  37  3:27  SCV  
  37  3:28  Marine  
  39  3:34  Refinery  
  39  3:40  Marine, SCV  
  41  3:42  Marine  
  41  3:43  Supply Depot  
  41  3:45  SCV  
  43  3:50  Marine  
  43  3:52  Marauder  
  46  4:03  Engineering Bay  
  46  4:05  SCV x2  
  46  4:07  Marine x2  
  46  4:08  Supply Depot  
  50  4:11  Marine  
  50  4:16  Marauder  
  53  4:22  SCV, Supply Depot  
  54  4:30  Marine x2  
  56  4:31  Terran Infantry Weapons Level 1  
  56  4:35  SCV  
  56  4:36  Supply Depot, Factory  
  56  4:37  SCV  
  56  4:38  Marine  
  58  4:40  Marauder  
  61  4:49  SCV  
  61  4:50  Marine x2  
  64  4:57  SCV  
  64  4:58  Marine  
  66  5:01  SCV, Supply Depot  
  66  5:02  Marauder  
  69  5:13  Refinery  
  68  5:14  Refinery  
  68  5:16  Marine  
  68  5:17  Marine x2  
  67  5:21  Factory Reactor  
  67  5:24  SCV  
  67  5:26  Combat Shields  
  67  5:27  Command Center  
  67  5:28  SCV  
  69  5:34  Marauder  
  70  5:36  SCV  
  70  5:40  SCV  
  72  5:43  Marine x3  
  72  5:48  SCV  
  76  5:52  Starport  
  76  5:53  Supply Depot  
  76  6:02  SCV  
  76  6:03  Marine x3  
  80  6:07  Marauder  
  80  6:10  Factory Reactor  
  82  6:19  SCV  
  82  6:22  Marine  
  82  6:23  Marine x2  
  86  6:26  Terran Infantry Armor Level 1, Supply Depot  
  86  6:29  SCV  
  86  6:32  SCV  
  88  6:35  Marauder  
  88  6:36  Medivac x2  
  94  6:40  Orbital Command  
  94  6:44  Barracks  
  95  6:47  SCV  
  95  6:51  Marine  
  95  6:52  Marine  
  97  6:55  SCV  
  97  6:57  Orbital Command  
  97  6:58  Concussive Shells  
  97  7:00  Marauder  
  97  7:01  Supply Depot  
  100  7:05  Factory Tech Lab  
  100  7:08  SCV  
  101  7:10  Barracks  
  101  7:11  SCV  
  101  7:12  Marine x2  
  101  7:13  Marine, Engineering Bay  
  101  7:14  Marine  
  101  7:15  Armory  
  106  7:22  Marauder  
  108  7:23  Medivac x2  
  108  7:28  SCV  
  113  7:30  SCV, Supply Depot  
  113  7:35  SCV  
  115  7:37  Marine x2  
  115  7:38  Widow Mine  
  115  7:43  Marine  
  120  7:46  Supply Depot  
  120  7:47  SCV, Supply Depot  
  120  7:48  Marine x2  
  120  7:49  Marauder  
  125  7:53  SCV x2  
  125  7:55  Medivac x2  
  131  8:01  Barracks, Barracks Reactor  
  131  8:05  SCV  
  131  8:08  Marauder  
  131  8:10  Marauder  
  131  8:11  Liberator  
  136  8:14  Widow Mine  
  136  8:15  SCV  
  139  8:24  Liberator, SCV  
  139  8:25  Marine x2  
  139  8:26  Marine x2  
  144  8:30  Marauder  
  149  8:34  Supply Depot  
  149  8:39  Supply Depot  
  149  8:45  Refinery  
  149  8:46  Refinery  
  152  8:51  Barracks Tech Lab  
  152  8:52  Marine x4  
  152  8:53  Marine  
  152  8:55  Marine  
  157  8:56  Liberator, Marauder x2  
  157  8:59  Supply Depot  
  157  9:00  Supply Depot  
  157  9:01  Widow Mine  
  164  9:09  Marine  
  164  9:10  SCV  
  164  9:11  Supply Depot  
  169  9:21  Marine x4  
  169  9:22  Marine  
  169  9:23  Command Center, Marine  
  175  9:28  Supply Depot  
  178  9:43  Marine x3  
  178  9:44  Marine, Marauder  
  178  9:45  Marauder x2  
  194  10:05  Ghost Academy  
Show
View Real Time Build Order
Export as new Build Order

A.I. 1 (Harder) Protoss - Winner!

Build Orders:  

Get SALT Encoding   

  12  0:01  Probe (Chrono Boost)  
  13  0:11  Probe (Chrono Boost)  
  14  0:20  Pylon  
  14  0:22  Probe (Chrono Boost)  
  15  0:38  Probe (Chrono Boost)  
  16  0:47  Assimilator  
  16  0:49  Probe (Chrono Boost), Gateway  
  17  0:59  Probe (Chrono Boost), Pylon  
  18  1:10  Probe (Chrono Boost)  
  19  1:21  Probe (Chrono Boost)  
  20  1:35  Zealot  
  22  1:41  Cybernetics Core  
  22  1:43  Gateway  
  22  1:45  Assimilator  
  22  2:02  Pylon  
  22  2:03  Zealot  
  24  2:10  Warp Gate  
  24  2:28  Stalker  
  24  2:29  Stalker  
  28  2:46  Pylon  
  28  2:56  Stalker  
  28  2:58  Stalker  
  30  3:04  Probe (Chrono Boost)  
  33  3:16  Probe (Chrono Boost)  
  33  3:19  Pylon  
  34  3:25  Adept  
  37  3:27  Probe (Chrono Boost)  
  37  3:28  Zealot  
  37  3:33  Forge  
  39  3:40  Probe (Chrono Boost)  
  40  3:50  Stalker  
  40  3:51  Probe (Chrono Boost)  
  44  4:03  Probe (Chrono Boost)  
  44  4:24  Protoss Ground Weapons Level 1  
  44  4:29  Sentry  
  46  4:31  Probe (Chrono Boost)  
  46  4:32  Gateway  
  46  4:35  Pylon  
  46  4:36  Sentry  
  48  4:51  Stalker  
  50  4:55  Nexus  
  50  4:59  Stalker  
  52  5:11  Twilight Council  
  52  5:14  Sentry  
  44  5:24  Zealot  
  46  5:32  Adept  
  48  5:39  Zealot  
  48  5:42  Blink  
  50  5:46  Stalker  
  52  5:58  Sentry  
  54  6:05  Adept  
  54  6:08  Photon Cannon  
  54  6:09  Protoss Ground Armor Level 1, Probe x2 (Chrono Boost)  
  58  6:20  Probe x2 (Chrono Boost)  
  60  6:31  Robotics Facility  
  60  6:32  Probe (Chrono Boost)  
  61  6:35  Probe (Chrono Boost)  
  62  6:43  Probe (Chrono Boost)  
  62  6:46  Probe (Chrono Boost)  
  64  6:52  Photon Cannon  
  65  6:54  Probe (Chrono Boost)  
  65  6:58  Probe (Chrono Boost)  
  65  7:00  Pylon  
  66  7:05  Pylon  
  66  7:06  Probe (Chrono Boost)  
  67  7:09  Probe (Chrono Boost)  
  68  7:17  Probe (Chrono Boost), Observer  
  68  7:21  Probe (Chrono Boost)  
  71  7:24  Stargate  
  71  7:28  Forge  
  71  7:29  Probe (Chrono Boost)  
  72  7:30  Photon Cannon  
  72  7:33  Probe (Chrono Boost)  
  72  7:36  Observer  
  73  7:38  Photon Cannon  
  74  7:49  Assimilator  
  74  7:54  Assimilator  
  74  8:11  Probe (Chrono Boost)  
  74  8:12  Probe (Chrono Boost)  
  76  8:18  Immortal  
  76  8:22  Probe (Chrono Boost)  
  76  8:23  Gateway  
  81  8:29  Robotics Facility  
  81  8:30  Nexus  
  81  8:52  Pylon  
  81  8:53  Warp Prism  
  77  9:10  Immortal  
  81  9:17  Pylon  
  81  9:27  Observer  
  82  9:39  Gateway  
  82  9:51  Assimilator  
  88  10:01  Assimilator  
Tags
 
Add a new tag
Caveats
  • Supply blocks, unpowered buildings, or Contaminate may cause inaccurate times.
  • Supply counts are checked every 10 seconds.